 Dungeon Crawl Stone Soup version 0.02-100-gc9e1e00884 (webtiles) character file.

Game seed: 13472320509652111592, levelgen mode: deterministic

94 Borgoz the Ruffian (level 4, -6/38 HPs) Ghoul Gladiator. Began on Sept 16, 2020. Splashed by a jelly's acid (7 damage) ... on level 2 of the Dungeon. The game lasted 00:04:41 (828 turns).

Borgoz the Ruffian (Ghoul Gladiator)                 Turns: 828, Time: 00:04:42

Health: -6/38      AC:  3    Str: 17    XL:     4 ^: 30
Magic:  4/4        EV: 17    Int:  3    God:
Gold:   87         SH:  0    Dex: 16    Spells: 3/3 levels left

rFire    . . .     Vision   .     - Unarmed
rCold    + . .     Gourm    .     - Unarmed
rNeg     + + +     Faith    .   e - +0 scale mail
rPois    ∞         Spirit   .   b - +0 helmet
rElec    .         Reflect  .   (no cloak)
rCorr    .         Harm     .   (no gloves)
MR       .....                  (no boots)
Stlth    +.........             (no amulet)
HPRegen  0.00/turn              (no ring)
MPRegen  0.14/turn              (no ring)

@: agile, corroded, rotting
A: rotting body, claws 1, carnivore, cold resistance 1, negative energy
resistance 3, inhibited regeneration, torment resistance, unbreathing
a: no special abilities


You were on level 2 of the Dungeon.
You were not hungry.

You visited 1 branch of the dungeon, and saw 2 of its levels.

You collected 87 gold pieces.

Inventory:

Armour
 b - a +0 helmet (worn)
 e - a +0 scale mail (worn)
Wands
 c - a wand of ensnaring (9)
Scrolls
 a - a scroll of enchantment
Comestibles
 d - 2 rations
 f - 4 chunks of flesh


   Skills:
 + Level 3.4 Fighting
 + Level 2.0 Armour
 - Level 2.6 Dodging
 + Level 4.2 Unarmed Combat
 - Level 1.7 Evocations


You had 3 spell levels left.
You didn't know any spells.
Your spell library was empty.

Dungeon Overview and Level Annotations

Branches:
Dungeon (2/8)

Altars:


Innate Abilities, Weirdness & Mutations

Your body is rotting away.
You thrive on raw meat.
You are immune to poison.
You have sharp fingernails. (+2 Unarmed)
You are carnivorous and can eat meat at any time.
You are cold resistant. (rC+)
You are immune to negative energy. (rN+++)
You do not regenerate when monsters are visible.
You are immune to unholy pain and torment.
You can survive without breathing.


Message History

You barely miss the jelly. You scratch the jelly but do no damage.
Your claws burn!
The jelly is moderately wounded. (10/15) HP You scratch the jelly (4).
Your claws burn!
The jelly is severely wounded. (6/15) HP You scratch the jelly (3).
Your claws burn!
* * * LOW HITPOINT WARNING * * *
The jelly is almost dead. (3/15) HP The jelly hits you (2).
* * * LOW HITPOINT WARNING * * *
The acid corrodes you!
You are splashed with acid (7)!
* * * LOW HITPOINT WARNING * * *
You are too injured to fight recklessly!
Okay, then.
Okay, then.
You feel agile all of a sudden. The jelly hits you (1).
* * * LOW HITPOINT WARNING * * *
You are splashed with acid (7)!
You die...

#P## #..# .≈.≈
..# ..# ##.#
#[≈######
#J#.P#≈##
#@≈≈...≈##
#≈.P#...##.###
##≈P##.≈###.≈#
## ##≈≈##≈###P
####[##≈P#
#..###.## #..#
##≈## ##≈#
##.#
####≈######≈#


You could see a jelly.

Vanquished Creatures
  An adder (D:2)
  6 cinder newts (D:1)
  A dart slug (D:1)
  A leopard gecko (D:1)
  2 ball pythons (D:1)
  A giant cockroach (D:1)
  7 goblins (D:1)
  4 hobgoblins (D:1)
  8 kobolds (D:1)
  8 bats (D:1)
  A hobgoblin skeleton (D:2)
  4 rats (D:1)
  2 withered plants (D:2)
46 creatures vanquished.

Vanquished Creatures (others)
  2 jellies (D:2)
  45 withered plants (D:2)
47 creatures vanquished.

Grand Total: 93 creatures vanquished

Notes
Turn   | Place    | Note
-------+----------+-------------------------------------------
     0 | D:1      | Borgoz the Ghoul Gladiator began the quest for the Orb.
     0 | D:1      | Reached XP level 1. HP: 17/17 MP: 1/1
   118 | D:1      | Reached XP level 2. HP: 25/25 MP: 2/2
   266 | D:1      | Reached skill level 1 in Armour
   281 | D:1      | Reached XP level 3. HP: 28/30 MP: 3/3
   390 | D:1      | Reached skill level 4 in Unarmed Combat
   437 | D:1      | Reached XP level 4. HP: 31/38 MP: 4/4
   828 | D:2      | HP: 1/38 [jelly (1)]
   828 | D:2      | Splashed by a jelly's acid

Levels and vault maps discovered:
D:1:      lightli_arrival_noodles, layout_loops_ring
D:2:      layout_sewer, first_ration, uniq_sigmund, uniq_purgy

Skill      XL: |  1  2  3  4 |
---------------+-------------+-----
Armour         | 1 2 |  2.0
Fighting       | 3 |  3.4
Unarmed Combat | 4 |  4.2
Dodging        | |  2.6
Evocations     | |  1.7

Action                   |  1- 3 |  4- 6 || total
-------------------------+-------+-------++-------
Melee: Unarmed           |   111 |    54 ||   165
  Use: Potion            |       |     1 ||     1
  Eat: Chunk             |     2 |     2 ||     4
Armor: Scale mail        |    16 |     2 ||    18
Dodge: Dodged            |    29 |     7 ||    36
